 Dungeon Crawl Stone Soup version 0.32-a0-558-g233958a (webtiles) character file.

Game seed: 16443609375030399266

5808 DiveintoAbyss the Zephyrmancer (level 10, -3/56 HPs)
             Began as a Tengu Air Elementalist on Feb 29, 2024.
             Was a Priest of Sif Muna.
             Slain by an unseen horror (7 damage)
             ... on level 9 of the Dungeon.
             The game lasted 00:19:44 (12641 turns).

DiveintoAbyss the Zephyrmancer (TeAE)              Turns: 12641, Time: 00:19:44

Health: -3/56      AC:  3    Str:  9    XL:     10   Next: 79%
Magic:  9/25       EV: 16    Int: 20    God:    Sif Muna [***...]
Gold:   639        SH:  0    Dex: 14    Spells: 19/29 levels left

rFire   . . .        a - +2 quarterstaff (drain)
rCold   + . .        (shield currently unavailable)
rNeg    . . .        e - +0 robe
rPois   .            (helmet restricted)
rElec   .            k - +0 cloak
rCorr   .            (no gloves)
SInv    .            (boots unavailable)
Will    .....        (no amulet)
Stlth   +++          u - ring of protection from cold
HPRegen 0.29/turn    (no ring)
MPRegen 0.19/turn

%: acrobat
@: flying
A: beak, talons 3, evasive flight, acrobatic
a: Renounce Religion, Channel Magic, Forget Spell


You were on level 9 of the Dungeon.
You worshipped Sif Muna.
Sif Muna was most pleased with you.
You visited 2 branches of the dungeon, and saw 10 of its levels.
You also visited: Ossuary.

You collected 639 gold pieces.

Inventory:

Hand Weapons
 a - a +2 quarterstaff of draining (weapon)
Missiles
 z - 2 throwing nets
Armour
 e - a +0 robe (worn)
 k - a +0 cloak (worn)
Jewellery
 u - a ring of protection from cold (left hand)
Wands
 v - a wand of flame (13)
 y - a wand of iceblast (5)
Scrolls
 d - 3 scrolls of noise {unknown}
 g - 5 scrolls of teleportation
 h - a scroll of amnesia {unknown}
 i - a scroll of blinking {unknown}
 j - a scroll of revelation {unknown}
 l - a scroll of vulnerability {unknown}
 p - a scroll of enchant armour {unknown}
 r - 3 scrolls of poison {unknown}
 A - a scroll of immolation {unknown}
Potions
 b - a potion of magic
 c - 4 potions of curing
 f - a potion of cancellation
 m - 2 potions of ambrosia
 n - 2 potions of enlightenment
 o - 3 potions of resistance
 q - a potion of invisibility {unknown}
 s - 2 potions of heal wounds {unknown}
 t - 3 potions of brilliance
 w - 2 potions of attraction {unknown}
 x - a potion of berserk rage {unknown}


   Skills:
 - Level 3.0 Fighting
 - Level 2.1 Dodging
 + Level 5.5 Stealth
 - Level 10.0 Spellcasting
 + Level 2.9 Conjurations
 - Level 10.0 Air Magic
 * Level 6.5 Invocations


You had 19 spell levels left.
You knew the following spells:

 Your Spells              Type           Power      Damage    Failure   Level
a - Shock                 Conj/Air       100%       1d9       1%          1
b - Static Discharge      Conj/Air       70%        3-6/arc   1%          2
c - Airstrike             Air            25%        2d(4-20)  1%          4
d - Stone Arrow           Conj/Erth      30%        3d8       12%         3

Your spell library contained the following spells:

 Spells                   Type           Power      Damage    Failure   Level
 Swiftness                Air            50%        N/A       1%          3
 Freeze                   Ice            40%        1d6       7%          1
 Necrotise                Necr           40%        1d6       7%          1
 Sandblast                Erth           20%        2d7       7%          1
 Hailstorm                Conj/Ice       15%        3d6       12%         3
 Frozen Ramparts          Ice            20%        1d4       21%         3
 Passwall                 Erth           10%        N/A       21%         3
 Summon Ice Beast         Ice/Summ       10%        N/A       21%         3
 Vampiric Draining        Necr           10%        2d6       21%         3
 Brom's Barrelling Bould  Conj/Erth      15%        2d4       36%         4
 Ignite Poison            Fire/Alch      10%        N/A       56%         4
 Martyr's Knell           Necr/Summ      10%        N/A       56%         4
 Sticky Flame             Fire/Alch      10%        2d5       56%         4
 Conjure Ball Lightning   Conj/Air       17%        3x3d6     58%         6
 Curse of Agony           Necr           10%        N/A       88%         5
 Summon Mana Viper        Hex/Summ       10%        N/A       88%         5
 Monstrous Menagerie      Summ           5%         N/A       100%        7
 Discord                  Hex            5%         N/A       100%        8
 Disjunction              Tloc           5%         N/A       100%        8
 Ignition                 Fire           5%         3d4       100%        8


Dungeon Overview and Level Annotations

Branches:
Dungeon (9/15) Zot: 26470  Temple (1/1) D:4 Zot: 5981 Ossuary (visited)
   Lair: D:8-11         Orc: D:9-12

Altars:
Ashenzari
Cheibriados
Dithmenos
Elyvilon
Fedhas
Gozag
Hepliaklqana
Kikubaaqudgha
Makhleb
Nemelex Xobeh
Qazlal
Ru
Sif Muna
Trog
Uskayaw
Vehumet
Wu Jian
Yredelemnul
Zin
The Shining One


Innate Abilities, Weirdness & Mutations

You have a beak for a mouth.
You have claws for feet.
Your magical flight helps you evade attacks. (EV +4)
You can magically evade attacks while moving or waiting.


Message History

You feel sick. Something closely misses you.
You take 1 HP, and have [31/56] HP Something is blocking the doorway!
You feel sick. Something hits you but does no damage.
You take 1 HP, and have [30/56] HP
Casting: Static Discharge (safe; 1% risk of failure)
Confirm with . or Enter, or press ? or * to list all spells.
Something is struck by an arc of lightning.
You are struck by an arc of lightning.
Something is struck by an arc of lightning.
The lightning grounds out.
You feel sick.
You are no longer poisoned.
Something hits you.
You take 2 HP, and have [28/56] HP; You lose 2MP, and have [14/25] MP
Casting: Static Discharge (safe; 1% risk of failure)
Confirm with . or Enter, or press ? or * to list all spells.
Something is struck by an arc of lightning.
You are struck by an arc of lightning.
The lightning grounds out.
Something hits you.
You take 6 HP, and have [22/56] HP; You lose 2MP, and have [12/25] MP Something is blocking the doorway!
Something hits you. Something hits you!
* * * LOW HITPOINT WARNING * * *
You take 15 HP, and have [7/56] HP !!!!!
HP Warning !!!!!
Casting: Static Discharge (safe; 1% risk of failure)
Confirm with . or Enter, or press ? or * to list all spells.
Something is struck by an arc of lightning!
You are struck by an arc of lightning.
* * * LOW HITPOINT WARNING * * *
Something is struck by an arc of lightning.
The lightning grounds out.
Something completely misses you. Something barely misses you.
You take 2 HP, and have [5/56] HP; You lose 2MP, and have [10/25] MP
Casting: Static Discharge (safe; 1% risk of failure)
Confirm with . or Enter, or press ? or * to list all spells.
Something is struck by an arc of lightning.
You are struck by an arc of lightning.
* * * LOW HITPOINT WARNING * * *
The lightning grounds out.
Something hits you!
You die...

# # ############ ####### #
#.....>....# ....... #
#####..........####.......
###...'..........##.'.......
'...###.........@'.†#.......
##### #..........####.y.....
# ########'### ....... #
##.# ....... #..# ####+## #
#.## # #.# # #.# ##
######'####


There were no monsters in sight!

Vanquished Creatures
  A two-headed ogre (D:9)
  Pikel (D:5)
  Joseph (D:7)
  3 yaks (D:9)
  A wyvern (D:9)
  A water moccasin (D:7)
  An acid dragon (D:9)
  4 ice beasts
  A sky beast (D:7)
  2 orc warriors (D:7)
  2 black bears
  3 centaurs
  An ogre (D:6)
  2 phantoms
  2 lemures (D:5)
  A weeping skull (Ossuary)
  An elf zombie (Ossuary)
  A bullfrog (D:7)
  A scorpion (D:4)
  A gnoll sergeant (D:6)
  14 wights
  4 killer bees (D:9)
  A howler monkey (D:5)
  A centaur zombie (Ossuary)
  2 jellies (D:5)
  A bombardier beetle (D:3)
  2 hounds (D:7)
  2 human zombies (Ossuary)
  6 orc priests
  An iguana (D:4)
  3 sleepcaps
  7 orc wizards
  A crocodile zombie (Ossuary)
  3 mummies (Ossuary)
  A hound zombie (Ossuary)
  7 gnolls
  4 adders
  2 shadow imps
  A white imp (D:7)
  6 ufetubi
  6 adder zombies (Ossuary)
  2 dart slugs (D:1)
  33 orcs
  7 endoplasms
  7 goblins
  5 hobgoblins
  14 jackals
  6 kobolds
  4 quokkas
  7 ball pythons
  3 ball python zombies (Ossuary)
  5 bats
  4 frilled lizards
  4 jackal zombies (Ossuary)
  6 kobold zombies (Ossuary)
  4 orc zombies (Ossuary)
  2 rats
219 creatures vanquished.

Notes
Turn   | Place    | Note
-------+----------+-------------------------------------------
     0 | D:1      | DiveintoAbyss the Tengu Air Elementalist began the quest
                  | for the Orb.
     0 | D:1      | Reached XP level 1. HP: 10/10 MP: 4/4
   245 | D:1      | Reached XP level 2. HP: 15/15 MP: 3/6
   454 | D:1      | Reached skill level 5 in Air Magic
   815 | D:1      | Reached XP level 3. HP: 19/19 MP: 5/7
  1452 | D:2      | Reached XP level 4. HP: 24/24 MP: 0/8
  1455 | D:2      | Learned a level 2 spell: Static Discharge
  1460 | D:2      | Learned a level 4 spell: Airstrike
  1765 | D:2      | Found an ornate altar of the Wu Jian Council.
  2126 | D:2      | You fall into a shaft and drop 1 floor!
  2151 | D:3      | Reached XP level 5. HP: 16/28 MP: 2/9
  3245 | D:4      | Reached XP level 6. HP: 32/32 MP: 5/10
  3363 | D:4      | Found a staircase to the Ecumenical Temple.
  3386 | Temple   | Entered the Ecumenical Temple
  3395 | Temple   | Became a worshipper of Sif Muna the Loreminder
  4502 | D:5      | Entered Level 5 of the Dungeon
  4548 | D:5      | Reached skill level 10 in Air Magic
  4548 | D:5      | Reached skill level 1 in Fighting
  4548 | D:5      | Gained mutation: Your magical flight helps you evade
                  | attacks. (EV +4) [Tengu growth]
  4548 | D:5      | Reached XP level 7. HP: 33/38 MP: 1/11
  4707 | D:5      | Found a sand-covered staircase.
  4759 | Ossuary  | Entered an ossuary
  4811 | Ossuary  | Reached * piety under Sif Muna
  5580 | Ossuary  | Reached ** piety under Sif Muna
  5581 | Ossuary  | Reached XP level 8. HP: 46/46 MP: 12/14
  5817 | D:5      | Noticed Pikel
  5829 | D:5      | Killed Pikel
  5830 | D:5      | Reached skill level 5 in Spellcasting
  5830 | D:5      | Reached skill level 5 in Stealth
  5830 | D:5      | Reached skill level 1 in Invocations
  6555 | D:5      | Reached XP level 9. HP: 50/50 MP: 13/18
  6614 | D:5      | Found a blossoming altar of Fedhas.
  7914 | D:6      | Found a sparkling altar of Nemelex Xobeh.
  8699 | D:7      | Noticed Joseph
  8809 | D:7      | Killed Joseph
  8810 | D:7      | Reached skill level 5 in Invocations
  9007 | D:7      | Found a basalt altar of Yredelemnul.
  9803 | D:7      | Reached XP level 10. HP: 56/56 MP: 6/22
  9899 | D:7      | Found a radiant altar of Vehumet.
 10148 | D:7      | Reached *** piety under Sif Muna
 10672 | D:8      | Found a hazy altar of Hepliaklqana.
 12120 | D:9      | Noticed a two-headed ogre
 12122 | D:9      | Killed a two-headed ogre
 12126 | D:9      | Reached skill level 10 in Spellcasting
 12130 | D:9      | Learned a level 3 spell: Stone Arrow
 12641 | D:9      | Slain by an unseen horror

Illustrated notes

Levels and vault maps discovered:
D:1:      ncdulo_watergridlock, layout_loops_corners
D:2:      layout_rooms, basic_altar, grunt_ministairs_10,
          nicolae_concentric_dashed_squares_mild, minmay_cut_off
D:3:      layout_loops_ring, roderic_lattice_a
D:4:      layout_cave_pods, minmay_temple_entry_drinking_statues
D:5:      wad_woods_pond, layout_basic, fedhas_altar_decomposition,
          nicolae_ossuary_entry_plus, uniq_pikel
D:6:      layout_gridville, nemelex_dance_club_becter, nrook_mini_vaults
D:7:      layout_loops_cross, amcnicky_altar_gilded,
          mainiacjoe_overflow_small_starburst, chequers_mini_garden, uniq_joseph
D:8:      layout_cave_pods, mainiacjoe_overflow_alcove_1
D:9:      layout_roguey, serial_shops, nicolae_shop_peninsula
Temple:   hellmonk_temple_of_storms

Skill      XL: |  1  2  3  4  5  6  7  8  9 10 |
---------------+-------------------------------+-----
Air Magic      | 5 6 7 8 10 | 10.0
Fighting       | 1 3 |  3.0
Stealth        | 3 5 |  5.5
Spellcasting   | 3 5 7 10 | 10.0
Invocations    | 3 6 |  6.5
Conjurations   | 2 |  2.9
Dodging        | |  2.1

Action                     |  1- 3 |  4- 6 |  7- 9 | 10-12 || total
---------------------------+-------+-------+-------+-------++-------
  Melee: Unarmed           |     7 |       |       |       ||     7
         Peck              |     2 |       |    66 |       ||    68
         Kick              |     1 |     2 |   115 |       ||   118
         Dagger            |     3 |     6 |   194 |       ||   203
   Cast: Shock             |    59 |   111 |   146 |    13 ||   329
         Static Discharge  |       |     8 |    39 |    13 ||    60
         Airstrike         |       |     4 |    47 |    62 ||   113
         Stone Arrow       |       |       |       |     1 ||     1
    Use: Scroll            |       |     1 |     7 |     1 ||     9
 Armour: Robe              |     5 |    22 |   111 |    25 ||   163
  Dodge: Dodged            |     7 |    18 |   122 |    29 ||   176

Table legend: (Time is in decaauts)
 A = Elapsed time spent in this place.
 B = Non-inter-level travel time spent in this place.
 C = Inter-level travel time spent in this place.
 D = Time resting spent in this place.
 E = Time spent auto-exploring this place.
 F = Levels seen in this place.
 G = Mean time per level.
                   A        B        C        D        E       F      G
               +--------+--------+--------+--------+--------+-----+--------+
         Total |  12572 |  12176 |    396 |    152 |  10593 |  11 | 1142.9 |
       Dungeon |  11510 |  11122 |    388 |     77 |   9815 |   9 | 1278.9 |
        Temple |     18 |     10 |      8 |      0 |      0 |   1 |   18.0 |
       Ossuary |   1043 |   1043 |      0 |     75 |    778 |   1 | 1043.0 |
               +--------+--------+--------+--------+--------+-----+--------+

Top non-repeatable levels by time:
     D:7: 2104 daAuts
     D:5: 1533 daAuts
     D:8: 1475 daAuts
     D:1: 1412 daAuts
     D:6: 1387 daAuts
     D:4: 1241 daAuts
     D:3: 1114 daAuts
 Ossuary: 1043 daAuts
     D:2: 711 daAuts
     D:9: 528 daAuts
  Temple: 18 daAuts
